 Dungeon Crawl Stone Soup version 0.21-a0-450-gd87a9b2 (webtiles) character file.

108109 theanonym the Severer (level 16, -3/151 HPs)
             Began as a Hill Orc Fighter on Nov 19, 2017.
             Was the Champion of Nemelex Xobeh.
             Killed from afar by a shock serpent (32 damage)
             ... with a bolt of electricity
             ... on level 2 of the Snake Pit.
             The game lasted 01:37:06 (29788 turns).

theanonym the Severer (Hill Orc Fighter)           Turns: 29788, Time: 01:37:07

Health: -3/151     AC: 25    Str: 26    XL:     16   Next: 48%
Magic:  26/26      EV: 14    Int:  7    God:    Nemelex Xobeh [******]
Gold:   1991       SH: 18    Dex: 17    Spells: 3/15 levels left

rFire    + . .     SeeInvis +   a - +10 broad axe of Disgust {chop, rN+ Str+2 Int-4 Dex+5}
rCold    . . .     Gourm    .   b - +0 large shield
rNeg     + . .     Faith    .   P - +0 plate armour
rPois    +         Spirit   .   Z - +2 hat
rElec    .         Reflect  .   u - +1 cloak {rPois}
rCorr    .         Harm     .   L - +0 pair of gloves
MR       +....                  h - +2 pair of boots
Stlth    ..........             x - amulet of regeneration {+regen}
HPRegen  0.75/turn              B - ring of Ossall {rF+ Int+3 SInv}
MPRegen  0.20/turn              y - +4 ring of evasion

@: no status effects
A: no striking features
a: Triple Draw, Deal Four, Stack Five, Renounce Religion


   Skills:
 + Level 15.9 Fighting
 - Level 18.0 Axes
 + Level 12.9 Armour
 + Level 9.8 Dodging
 + Level 9.6 Shields
 + Level 14.4 Invocations


You had 3 spell levels left.
You knew the following spells:

 Your Spells              Type           Power        Failure   Level  Hunger
a - Control Undead        Necr           #.........   100%        4    #####..
b - Apportation           Tloc           #.....       100%        1    ##.....
c - Passwall              Tmut/Erth      #.........   100%        2    ###....
r - Regeneration          Chrm/Necr      #.........   100%        3    ####...
s - Swiftness             Chrm/Air       #.......     100%        2    ###....

Skill      XL: |  1  2  3  4  5  6  7  8  9 10 11 12 13 14 15 16 |
---------------+-------------------------------------------------+-----
Axes           | 3 4 6 8 9 11 12 14 16 18 | 18.0
Fighting       | 5 6 8 10 11 12 13 14 15 | 15.9
Invocations    | 4 7 9 11 12 13 14 | 14.4
Dodging        | 1 4 6 7 8 9 |  9.8
Armour         | 6 8 10 11 12 | 12.9
Shields        | 5 6 8 9 |  9.6

Action                   |  1- 3 |  4- 6 |  7- 9 | 10-12 | 13-15 | 16-18 || total
-------------------------+-------+-------+-------+-------+-------+-------++-------
Melee: War axe           |   100 |   116 |   474 |   644 |   569 |       ||  1903
       Broad axe         |       |       |       |       |   553 |   156 ||   709
 Fire: Blowgun           |       |       |       |     7 |       |       ||     7
Throw: Tomahawk          |       |     2 |     3 |    11 |     3 |       ||    19
Invok: Triple Draw       |       |       |       |     1 |       |       ||     1
       Deal Four         |       |       |       |       |     3 |       ||     3
Evoke: Deck              |       |       |    13 |    50 |    56 |    11 ||   130
       Wand              |       |       |       |     7 |     4 |       ||    11
  Use: Scroll            |       |     4 |     2 |    11 |    21 |     3 ||    41
       Potion            |       |     1 |     1 |     7 |     7 |     2 ||    18
 Stab: Petrifying        |       |       |     1 |       |       |     4 ||     5
       Paralysed         |       |       |       |     2 |       |       ||     2
       Distracted        |       |       |       |     3 |     9 |     1 ||    13
       Petrified         |       |       |       |     8 |    15 |    13 ||    36
       Confused          |       |       |       |       |     2 |       ||     2
  Eat: Chunk             |     2 |     3 |    19 |    21 |    22 |       ||    67
       Meat ration       |       |     1 |       |       |       |       ||     1
       Fruit             |       |       |     1 |       |       |       ||     1
       Bread ration      |       |       |       |       |     5 |     1 ||     6
Armor: Scale mail        |    16 |       |       |       |       |       ||    16
       Chain mail        |    40 |    60 |   170 |    37 |       |       ||   307
       Plate armour      |       |       |       |   270 |   450 |    52 ||   772
       Skin              |       |       |       |    54 |    10 |       ||    64
Dodge: Dodged            |    38 |    24 |    73 |    85 |   341 |    64 ||   625
Block: Shield            |    39 |    62 |   145 |   242 |   509 |    78 ||  1075
       Large shield      |       |       |       |       |       |    22 ||    22

Inventory:

Hand Weapons
 a - the +10 broad axe of Disgust (weapon) {chop, rN+ Str+2 Int-4 Dex+5}
   (You acquired it on level 3 of the Lair of Beasts)

   It inflicts extra damage upon your enemies.
   It affects your strength (+2).
   It affects your intelligence (-4).
   It affects your dexterity (+5).
   It protects you from negative energy.
Missiles
 Y - a throwing net (quivered)
Armour
 b - a +0 large shield (worn)
   (You took it off a naga warrior on level 1 of the Snake Pit)
 h - a +2 pair of boots (worn)
   (You found it on level 3 of the Dungeon)
 u - a +1 cloak of poison resistance (worn)
   (You took it off Maurice on level 12 of the Dungeon)
 L - a +0 pair of gloves (worn)
   (You found it on level 3 of the Dungeon)
 P - a +0 plate armour (worn)
   (You found it on level 8 of the Dungeon)
 Z - a +2 hat (worn)
   (You found it on level 1 of the Lair of Beasts)
Jewellery
 x - an amulet of regeneration (around neck) {+regen}
   (You found it in an ice cave)
 y - a +4 ring of evasion (right hand)
   (You found it in an ice cave)
 B - the ring of Ossall (left hand) {rF+ Int+3 SInv}
   (You bought it in a shop on level 2 of the Orcish Mines)

   [ring of see invisible]

   It affects your intelligence (+3).
   It protects you from fire.
   It lets you see invisible.
 H - an uncursed ring of resist corrosion
   (You found it on level 6 of the Lair of Beasts)
 M - the ring "Beneoxu" {+Fly rF+ rC- Str+5 Int+3}
   (You found it on level 1 of the Lair of Beasts)

   [ring of strength]

   It affects your strength (+5).
   It affects your intelligence (+3).
   It protects you from fire.
   It makes you vulnerable to cold.
   It lets you fly.
 S - an uncursed ring of protection from magic {MR+}
   (You found it in an ice cave)
 V - an uncursed ring of protection from cold {rC+}
   (You found it on level 6 of the Lair of Beasts)
Wands
 d - a wand of digging (17/24)
   (You found it on level 15 of the Dungeon)
 v - a wand of acid (5/15)
   (You found it on level 14 of the Dungeon)
Scrolls
 f - a scroll of fog {!r}
 g - 15 scrolls of remove curse
 p - 2 scrolls of magic mapping {!r}
 s - 3 scrolls of blinking
 t - 15 scrolls of teleportation {!r}
 w - 5 scrolls of fear {!r}
 A - 2 scrolls of recharging
 D - a scroll of enchant weapon
 J - a scroll of enchant armour
 O - a scroll of summoning
 T - a scroll of immolation
 U - a scroll of vulnerability {unknown}
 X - a scroll of brand weapon {unknown}
Potions
 i - 4 potions of flight
 j - a potion of resistance
 k - 4 potions of mutation
 m - a potion of haste
 n - a potion of might
 o - 11 potions of curing
 q - a potion of heal wounds
 z - 3 potions of magic
 C - a potion of invisibility
 G - a potion of ambrosia
 K - a potion of lignification
 N - a potion of agility
Miscellaneous
 r - a legendary deck of summoning {god gift}
   (Nemelex Xobeh gifted it to you on level 1 of the Snake Pit)
 E - an ornate deck of escape {god gift}
   (Nemelex Xobeh gifted it to you on level 1 of the Snake Pit)
 F - a legendary deck of summoning {god gift}
   (Nemelex Xobeh gifted it to you on level 3 of the Lair of Beasts)
 I - a legendary deck of destruction {drawn: 6} {god gift}
   (Nemelex Xobeh gifted it to you on level 2 of the Lair of Beasts)
 Q - a legendary deck of destruction {god gift}
   (Nemelex Xobeh gifted it to you on level 1 of the Snake Pit)
 R - an ornate deck of summoning {drawn: 3} {god gift}
   (Nemelex Xobeh gifted it to you on level 5 of the Lair of Beasts)
 W - an ornate deck of destruction {drawn: 2} {god gift}
   (Nemelex Xobeh gifted it to you on level 15 of the Dungeon)
Comestibles
 c - a chunk of flesh
 e - 13 bread rations
 l - 31 royal jellies

Dungeon Overview and Level Annotations

Branches:
Dungeon (15/15)            Temple (1/1) D:4            Lair (6/6) D:9
 Shoals (0/4) Lair:4        Snake (2/4) Lair:4        Slime (0/5) Lair:5
    Orc (2/2) D:12            Elf (0/3) Orc:2        Vaults (0/5) D:14
 Depths (0/5) D:15

Altars:
Cheibriados
Dithmenos
Elyvilon
Fedhas
Gozag
Hepliaklqana
Makhleb
Nemelex Xobeh
Qazlal
Sif Muna
Trog
Uskayaw
Vehumet
Wu Jian
Xom
Yredelemnul
Zin
The Shining One

Shops:
D:10 }   D:11 (   D:14 =   Orc:2 ([*=

Portals:
Trove: D:14 (give 3 potions of resistance)

Annotations:
D:6 2 transporters
D:7 1 runed door
D:10 exclusion: ice statue


You were on level 2 of the Snake Pit.
You worshipped Nemelex Xobeh.
Nemelex Xobeh was exalted by your worship.
You were not hungry.

You visited 5 branches of the dungeon, and saw 26 of its levels.
You also visited: Ossuary and Ice Cave.

You collected 2710 gold pieces.
You spent 719 gold pieces at shops.


Message History

You take 34 damage, and have 93/151 hp.
MASSIVE DAMAGE!!
You hit the shock serpent. You block the shock serpent's attack.
You slash the shock serpent! You block the shock serpent's attack.
You miss the shock serpent.
The shock serpent shoots out a bolt of lightning at you!
The bolt of electricity hits you!
* * * LOW HITPOINT WARNING * * *
You take 22 damage, and have 72/151 hp.
You closely miss the shock serpent. You block the shock serpent's attack.
You slice the shock serpent!!
The shock serpent's electric aura discharges, shocking you!
* * * LOW HITPOINT WARNING * * *
You block the shock serpent's attack. x2
You take 11 damage, and have 61/151 hp.
Okay, then.
Unknown command.
You draw a card...
It is the Illusion.
Suddenly you stand beside yourself. You block the shock serpent's attack.
The shock serpent misses you.
You hit the shock serpent. You block the shock serpent's attack.
Your shield prevents you from hitting the shock serpent.
Theanonym's illusion hits the shock serpent.
The shock serpent shoots out a bolt of lightning at you!
The bolt of electricity hits you!
* * * LOW HITPOINT WARNING * * *
You take 9 damage, and have 54/151 hp.
You feel much better.
The shock serpent bites you but does no damage.
Theanonym's illusion hits the shock serpent!!
The shock serpent dies!
The air sparks with electricity, shocking theanonym's illusion!
You regained 28 hp, and now have 82/151 hp.
You see here a shock serpent corpse.
You butcher the shock serpent corpse.
c - a chunk of flesh You see here a shock serpent skeleton.
You start resting.
Theanonym's illusion disappears in a puff of smoke!
Health restored: 151 You found a shaft!
Found 29 stones.
A shock serpent comes into view.
The shock serpent hisses angrily.
The shock serpent shoots out a bolt of lightning at you!
The bolt of electricity hits you! The bolt of electricity misses you.
You take 18 damage, and have 133/151 hp.
The shock serpent shoots out a bolt of lightning at you!
The bolt of electricity misses you. The bolt of electricity hits you!
The bolt of electricity hits the shock serpent.
The shock serpent completely resists.
You take 17 damage, and have 116/151 hp.
You completely miss the shock serpent. You block the shock serpent's attack.
The shock serpent shoots out a bolt of lightning at you!
The bolt of electricity hits you! x2
The bolt of electricity hits the shock serpent.
The shock serpent completely resists.
You take 21 damage, and have 95/151 hp.
You slice the shock serpent!!
The shock serpent's electric aura discharges, shocking you!
You block the shock serpent's attack.
Your shield and plate armour prevent you from hitting the shock serpent.
The shock serpent shoots out a bolt of lightning at you!
The bolt of electricity hits you! The bolt of electricity misses you.
The bolt of electricity hits the shock serpent.
The shock serpent completely resists.
You take 19 damage, and have 76/151 hp.
You closely miss the shock serpent.
The shock serpent shoots out a bolt of lightning at you!
The bolt of electricity hits you!
* * * LOW HITPOINT WARNING * * *
The bolt of electricity hits you!
* * * LOW HITPOINT WARNING * * *
The bolt of electricity hits the shock serpent.
The shock serpent completely resists.
You take 40 damage, and have 36/151 hp.
MASSIVE DAMAGE!!
You closely miss the shock serpent. You block the shock serpent's attack.
You feel much better.
The shock serpent shoots out a bolt of lightning at you!
The bolt of electricity misses you. x2
The bolt of electricity hits the shock serpent.
The shock serpent completely resists.
You block the shock serpent's attack.
You regained 17 hp, and now have 53/151 hp.
You slash the shock serpent!
The shock serpent's electric aura discharges, shocking you!
You block the shock serpent's attack.
You hit the shock serpent.
The shock serpent's electric aura discharges, shocking you!
The shock serpent shoots out a bolt of lightning at you!
The bolt of electricity hits you! x2
* * * LOW HITPOINT WARNING * * *
The bolt of electricity hits the shock serpent.
The shock serpent completely resists.
You take 15 damage, and have 39/151 hp.
You hit the shock serpent.
The shock serpent shoots out a bolt of lightning at you!
The bolt of electricity hits you!
* * * LOW HITPOINT WARNING * * *
The bolt of electricity hits you!
You die...
Your body glows slightly and disappears.

##...#.....#
###...###...^.
#.....# ###...
##.....# ##..
##......# #..
##..###..# #..
##.### #...#
#.. #.## #...#
#.. #@# #...#
#.. #S# #....
#.. #.# ...
#.# ##. . # #
########


You could see a shock serpent.

Notes
Turn   | Place    | Note
-------+----------+-------------------------------------------
     0 | D:1      | theanonym the Hill Orc Fighter began the quest for the Orb.
     0 | D:1      | Reached XP level 1. HP: 19/19 MP: 1/1
    51 | D:1      | Reached skill level 3 in Axes
   160 | D:1      | Reached XP level 2. HP: 24/26 MP: 2/2
   245 | D:1      | Reached skill level 4 in Axes
   509 | D:1      | Found a glowing golden altar of the Shining One.
   811 | D:1      | Became a worshipper of the Shining One
   989 | D:2      | Reached XP level 3. HP: 31/31 MP: 3/3
  1061 | D:2      | Reached skill level 5 in Axes
  1183 | D:2      | Found a faded altar of an unknown god.
  1368 | D:2      | HP: 15/31 [poisoned by an adder]
  1615 | D:2      | Reached skill level 6 in Axes
  1615 | D:2      | Reached XP level 4. HP: 38/39 MP: 4/4
  2052 | D:3      | Found a white marble altar of Elyvilon.
  2086 | D:3      | Reached XP level 5. HP: 32/45 MP: 5/5
  2095 | D:3      | HP: 22/45 [poisoned by a kobold]
  2103 | D:3      | HP: 20/45 [poisoned by a kobold]
  2110 | D:3      | HP: 18/45 [poisoned by a kobold]
  2301 | D:3      | Reached skill level 7 in Axes
  2521 | D:3      | Reached skill level 8 in Axes
  2521 | D:3      | Reached XP level 6. HP: 49/51 MP: 6/6
  2716 | D:3      | Found a snail-covered altar of Cheibriados.
  2716 | D:3      | Found a blossoming altar of Fedhas.
  2973 | D:4      | Reached * piety under the Shining One
  2983 | D:4      | HP: 20/51 [ogre/giant club (11)]
  2985 | D:4      | Reached skill level 9 in Axes
  2995 | D:4      | Reached XP level 7. HP: 25/57 MP: 7/7
  3026 | D:4      | Reached skill level 10 in Axes
  3053 | D:4      | HP: 24/58 [orc priest/divine providence (13)]
  3063 | D:4      | HP: 25/58 [jackal (1)]
  3485 | D:4      | Noticed Scuka's ghost (novice BaSu)
  3512 | D:4      | Killed Scuka's ghost
  3512 | D:4      | Reached skill level 5 in Fighting
  3512 | D:4      | Reached skill level 11 in Axes
  3512 | D:4      | Reached XP level 8. HP: 43/68 MP: 8/8
  3856 | D:4      | Found a staircase to the Ecumenical Temple.
  4007 | Temple   | Entered the Ecumenical Temple
  4110 | Temple   | Fell from the grace of the Shining One
  4110 | Temple   | Became a worshipper of Nemelex Xobeh the Trickster
  4148 | D:5      | Entered Level 5 of the Dungeon
  4370 | D:5      | Reached skill level 12 in Axes
  4407 | D:5      | Reached skill level 6 in Fighting
  4426 | D:5      | Found a sand-covered staircase.
  4492 | Ossuary  | Entered an ossuary
  4630 | Ossuary  | Reached XP level 9. HP: 76/78 MP: 9/9
  4737 | D:5      | Reached skill level 13 in Axes
  4764 | D:5      | Received a gift from Nemelex Xobeh
  4874 | D:5      | Found a burning altar of Makhleb.
  4880 | D:5      | Reached skill level 7 in Fighting
  4918 | D:5      | Found a sparkling altar of Nemelex Xobeh.
  5029 | D:5      | Received a gift from Nemelex Xobeh
  5625 | D:6      | Reached skill level 1 in Invocations
  5704 | D:6      | Reached * piety under Nemelex Xobeh
  5756 | D:6      | HP: 40/80 [orc warrior/dire flail (13)]
  5836 | D:6      | HP: 35/80 [orc warrior/dire flail (7)]
  5837 | D:6      | Reached skill level 14 in Axes
  5837 | D:6      | Reached skill level 2 in Invocations
  6048 | D:6      | Found a shadowy altar of Dithmenos.
  6191 | D:6      | Found a transporter.
  6201 | D:6      | Noticed a kobold demonologist
  6205 | D:6      | Reached skill level 8 in Fighting
  6231 | D:6      | Noticed an orc high priest
  6262 | D:6      | Found a transporter.
  6299 | D:6      | Reached skill level 3 in Invocations
  6427 | D:6      | Noticed a kobold demonologist
  6744 | D:7      | Noticed a troll
  6949 | D:6      | Learned a level 3 spell: Regeneration
  6955 | D:6      | Learned a level 4 spell: Control Undead
  7013 | D:7      | Reached skill level 4 in Invocations
  7126 | D:7      | Reached XP level 10. HP: 81/90 MP: 13/13
  7237 | D:7      | Found a runed door.
  7379 | D:7      | Reached skill level 15 in Axes
  7415 | D:7      | Received a gift from Nemelex Xobeh
  7533 | D:7      | Reached skill level 5 in Invocations
  7664 | D:7      | Reached ** piety under Nemelex Xobeh
  7753 | D:7      | Reached skill level 9 in Fighting
  8338 | D:8      | Received a gift from Nemelex Xobeh
  8456 | D:8      | Noticed Psyche
  8459 | D:8      | Killed Psyche
  8711 | D:9      | Noticed a two-headed ogre
  8752 | D:9      | Received a gift from Nemelex Xobeh
  8763 | D:9      | Reached skill level 6 in Invocations
  8802 | D:9      | Noticed Joseph
  8805 | D:9      | Noticed Erolcha
  8811 | D:9      | Noticed Erolcha
  8811 | D:9      | Erolcha changed into Erolcha the golden eye
  8811 | D:9      | Noticed Joseph
  8811 | D:9      | Joseph changed into Joseph the wyvern
  8819 | D:9      | Killed Joseph the wyvern
  8868 | D:9      | Noticed Erolcha
  8868 | D:9      | Erolcha the golden eye changed into Erolcha the sky beast
  8889 | D:9      | Killed Erolcha the sky beast
  8980 | D:9      | Killed a two-headed ogre
  8980 | D:9      | Reached skill level 16 in Axes
  9022 | D:9      | Found a glowing golden altar of the Shining One.
  9047 | D:9      | Reached skill level 1 in Dodging
  9047 | D:9      | Reached skill level 7 in Invocations
  9049 | D:9      | Reached skill level 10 in Fighting
  9049 | D:9      | Reached XP level 11. HP: 66/99 MP: 16/16
  9060 | D:9      | Reached skill level 4 in Armour
  9338 | D:9      | Reached *** piety under Nemelex Xobeh
  9438 | D:9      | Reached skill level 2 in Dodging
  9616 | D:9      | Noticed a two-headed ogre
  9863 | D:9      | Received a gift from Nemelex Xobeh
  9924 | D:9      | Reached skill level 8 in Invocations
 10078 | D:9      | Killed a two-headed ogre
 10078 | D:9      | Reached skill level 5 in Armour
 10211 | D:9      | Found a staircase to the Lair.
 10377 | D:10     | Entered Level 10 of the Dungeon
 10450 | D:10     | Reached skill level 3 in Dodging
 10992 | D:10     | Found Zeshoodgh's Gadget Shoppe.
 10998 | D:10     | Reached skill level 11 in Fighting
 11024 | D:10     | Received a gift from Nemelex Xobeh
 11196 | D:11     | Reached **** piety under Nemelex Xobeh
 11215 | D:11     | Reached skill level 6 in Armour
 11215 | D:11     | Reached skill level 9 in Invocations
 11258 | D:11     | Noticed a red ugly thing
 11264 | D:11     | Noticed a satyr
 11264 | D:11     | a red ugly thing changed into a satyr
 11268 | D:11     | Killed a satyr
 11562 | D:11     | Reached skill level 4 in Dodging
 11566 | D:11     | Found Zarugun's Antique Weapon Shop.
 11569 | D:11     | Bought a glowing war axe for 247 gold pieces
 11592 | D:11     | Reached XP level 12. HP: 99/110 MP: 19/19
 11825 | D:11     | Received a gift from Nemelex Xobeh
 11940 | D:11     | Found an opulent altar of Gozag.
 11972 | D:11     | Noticed a two-headed ogre
 11984 | D:11     | Killed a two-headed ogre
 11994 | D:11     | Noticed a two-headed ogre
 12003 | D:11     | Killed a two-headed ogre
 12003 | D:11     | Reached skill level 7 in Armour
 12004 | D:11     | Reached skill level 10 in Invocations
 12348 | D:11     | You fall through a shaft for 3 floors!
 12352 | D:13     | Noticed Kirke
 12352 | D:13     | Noticed Josephine
 12492 | D:14     | Noticed a vault guard
 12494 | D:14     | Noticed a two-headed ogre
 12497 | D:14     | HP: 54/112 [efreet/bolt of fire (4)]
 12498 | D:14     | a two-headed ogre changed into a merfolk
 12498 | D:14     | Noticed an ettin
 12498 | D:14     | a vault guard changed into an ettin
 12503 | D:14     | HP: 46/112 [merfolk (10)]
 12509 | D:14     | Reached skill level 5 in Dodging
 12520 | D:14     | Killed an ettin
 12520 | D:14     | Reached skill level 12 in Fighting
 12522 | D:14     | HP: 51/112 [vampire (5)]
 12749 | D:14     | Found a gate to the Vaults.
 12821 | D:14     | Noticed a two-headed ogre
 12836 | D:14     | Killed a two-headed ogre
 12931 | D:14     | Received a gift from Nemelex Xobeh
 12934 | D:14     | Noticed a death knight
 12942 | D:14     | Killed a death knight
 13111 | D:14     | Reached skill level 8 in Armour
 13262 | D:14     | Reached skill level 11 in Invocations
 13500 | D:14     | Noticed a centaur warrior
 13658 | D:13     | Killed Josephine
 13683 | D:13     | Reached skill level 6 in Dodging
 13683 | D:13     | Reached XP level 13. HP: 119/119 MP: 21/21
 13685 | D:13     | Killed Kirke
 13685 | D:13     | Reached skill level 9 in Armour
 13900 | D:13     | Received a gift from Nemelex Xobeh
 14220 | D:12     | Reached skill level 13 in Fighting
 15128 | D:12     | Noticed Maurice
 15163 | D:12     | Killed Maurice
 15434 | D:12     | Noticed Nergalle
 15455 | D:12     | HP: 60/122 [poisoned by a green ugly thing]
 15460 | D:12     | Killed Nergalle
 15460 | D:12     | Reached skill level 12 in Invocations
 15781 | D:11     | HP: 56/122 [skeletal warrior/hand axe (7)]
 16187 | D:12     | Found a staircase to the Orcish Mines.
 16429 | D:12     | Received a gift from Nemelex Xobeh
 16566 | Orc:1    | Entered Level 1 of the Orcish Mines
 16665 | Orc:1    | Reached skill level 7 in Dodging
 16899 | Orc:2    | Entered Level 2 of the Orcish Mines
 16946 | Orc:1    | HP: 56/122 [orc warrior/hand axe (7)]
 17314 | Orc:1    | Reached ***** piety under Nemelex Xobeh
 17467 | Orc:2    | Noticed Nessos
 17479 | Orc:2    | HP: 61/122 [poisoned by Nessos]
 17484 | Orc:1    | HP: 50/122 [poisoned by Nessos]
 17489 | Orc:1    | HP: 37/122 [poisoned by Nessos]
 17494 | Orc:1    | HP: 34/122 [poisoned by Nessos]
 17499 | Orc:1    | HP: 32/122 [poisoned by Nessos]
 17506 | Orc:1    | HP: 31/122 [poisoned by Nessos]
 17513 | Orc:1    | HP: 31/122 [poisoned by Nessos]
 17521 | Orc:1    | HP: 32/122 [poisoned by Nessos]
 17871 | Orc:2    | Found a staircase to the Elven Halls.
 17896 | Orc:2    | Reached skill level 10 in Armour
 18163 | Lair:1   | Entered Level 1 of the Lair of Beasts
 18233 | Lair:1   | Received a gift from Nemelex Xobeh
 18270 | Lair:1   | Got a slimy golden ring
 18379 | Lair:1   | Identified the ring "Beneoxu" {+Fly rF+ rC- Str+5 Int+3} (You found it on level 1 of the Lair of Beasts)
 18417 | Lair:1   | You fall through a shaft!
 18421 | Lair:2   | Reached skill level 4 in Shields
 18666 | Lair:1   | Noticed Gastronok
 18681 | Lair:1   | Killed Gastronok
 18709 | Lair:1   | Learned a level 1 spell: Apportation
 18751 | Lair:1   | Received a gift from Nemelex Xobeh
 19024 | Lair:1   | Reached skill level 5 in Shields
 19494 | Lair:2   | Reached XP level 14. HP: 129/130 MP: 23/23
 19672 | Lair:2   | Received a gift from Nemelex Xobeh
 19980 | Lair:3   | Found a frozen archway.
 19988 | IceCv    | Entered an ice cave
 19995 | IceCv    | Reached skill level 14 in Fighting
 20072 | IceCv    | HP: 62/132 [ice beast[an ice statue] (14)]
 20691 | IceCv    | HP: 55/132 [ice dragon/blast of cold (39)]
 20700 | IceCv    | HP: 23/132 [ice dragon/blast of cold (34)]
 21446 | Lair:3   | Received a gift from Nemelex Xobeh
 21554 | Lair:3   | Identified a scroll of acquirement
 21555 | Lair:3   | Got a twisted broad axe
 21556 | Lair:3   | Identified the +10 broad axe of Disgust {chop, rN+ Str+2 Int-4 Dex+5} (You acquired it on level 3 of the Lair of Beasts)
 21937 | Lair:4   | Found a staircase to the Snake Pit.
 21984 | Lair:4   | Reached ****** piety under Nemelex Xobeh
 22020 | Lair:4   | Received a gift from Nemelex Xobeh
 22023 | Lair:4   | Reached skill level 6 in Shields
 22029 | Lair:4   | Reached skill level 8 in Dodging
 22192 | Lair:4   | Reached skill level 11 in Armour
 22242 | Lair:4   | Noticed an emperor scorpion
 22242 | Lair:4   | a death yak changed into an emperor scorpion
 22277 | Lair:4   | Killed an emperor scorpion
 22474 | Lair:4   | Found a staircase to the Shoals.
 22986 | Lair:5   | Received a gift from Nemelex Xobeh
 23049 | Lair:5   | HP: 65/133 [meliai/hand axe (10)]
 23054 | Lair:5   | HP: 52/133 [poisoned by a meliai]
 23059 | Lair:5   | HP: 50/133 [poisoned by a meliai]
 23065 | Lair:5   | HP: 49/133 [poisoned by a meliai]
 23070 | Lair:5   | HP: 49/133 [poisoned by a meliai]
 23077 | Lair:5   | HP: 51/133 [poisoned by a meliai]
 23084 | Lair:5   | HP: 54/133 [poisoned by a meliai]
 23092 | Lair:5   | HP: 58/133 [poisoned by a meliai]
 23461 | Lair:5   | Found a staircase to the Slime Pits.
 23472 | Lair:5   | Received a gift from Nemelex Xobeh
 23632 | Lair:5   | Found a radiant altar of Vehumet.
 23677 | Lair:5   | Received a gift from Nemelex Xobeh
 23695 | Lair:5   | Reached skill level 17 in Axes
 24045 | Lair:6   | Entered Level 6 of the Lair of Beasts
 24204 | Lair:6   | Reached skill level 18 in Axes
 24204 | Lair:6   | Reached XP level 15. HP: 125/139 MP: 24/24
 24265 | Lair:6   | Reached skill level 7 in Shields
 24637 | Lair:6   | Received a gift from Nemelex Xobeh
 24776 | Lair:6   | Learned a level 2 spell: Passwall
 24796 | Lair:6   | Reached skill level 13 in Invocations
 25425 | Orc:2    | Received a gift from Nemelex Xobeh
 25543 | Orc:2    | Killed Nessos
 25728 | Orc:2    | Noticed an orc warlord
 25743 | Orc:2    | Killed an orc warlord
 25743 | Orc:2    | Reached skill level 15 in Fighting
 25756 | Orc:2    | HP: 65/141 [orc priest/divine providence (15)]
 25770 | Orc:2    | HP: 57/141 [orc priest/divine providence (13)]
 25783 | Orc:2    | HP: 48/141 [red devil/trident[an orc high priest] (2)]
 26004 | Orc:2    | Reached skill level 8 in Shields
 26029 | Orc:2    | HP: 66/141 [orc warrior/glaive (7)]
 26031 | Orc:2    | HP: 27/141 [sixfirhy[an orc high priest] (10)]
 26318 | Orc:2    | Reached skill level 9 in Dodging
 26392 | Orc:2    | Found Vatek's General Store.
 26393 | Orc:2    | Found Mirr's Jewellery Shop.
 26394 | Orc:2    | Found Buatwo's Antique Armour Boutique.
 26394 | Orc:2    | Found Punweobb's Antique Weapon Boutique.
 26408 | Orc:2    | Bought a scroll of magic mapping for 49 gold pieces
 26409 | Orc:2    | Bought the ring of Ossall {rF+ Int+3 SInv} for 423 gold pieces
 26626 | D:14     | Noticed a fire giant
 26626 | D:14     | Reached skill level 12 in Armour
 26630 | D:14     | Found the +0 sword of Power
 26631 | D:14     | Noticed a tengu reaver
 26667 | D:14     | Killed a tengu reaver
 26678 | D:14     | Killed a fire giant
 26902 | D:14     | Found a portal to a secret trove of treasure.
 26987 | D:14     | Found Zuuc's Jewellery Boutique.
 27190 | D:15     | Entered Level 15 of the Dungeon
 27202 | D:15     | Received a gift from Nemelex Xobeh
 27287 | D:15     | Reached XP level 16. HP: 148/149 MP: 26/26
 27327 | D:15     | Reached skill level 9 in Shields
 27410 | D:15     | Reached skill level 14 in Invocations
 27776 | D:15     | Found a staircase to the Depths.
 27782 | D:15     | HP: 74/150 [ettin/dire flail (39)]
 28211 | Snake:1  | Entered Level 1 of the Snake Pit
 28211 | Snake:1  | Received a gift from Nemelex Xobeh
 28238 | Snake:1  | Noticed Aizul
 28251 | Snake:1  | Killed Aizul
 28366 | Snake:1  | Learned a level 2 spell: Swiftness
 28422 | Snake:1  | Noticed Roxanne
 28446 | Snake:1  | HP: 70/150 [Roxanne/bolt of magma (14)]
 28465 | Snake:1  | Killed Roxanne
 28469 | Snake:1  | Identified Roxanne's Volume of Clay (You took it off Roxanne on level 1 of the Snake Pit)
 28760 | Snake:1  | Noticed Agnes
 28772 | Snake:1  | Killed Agnes
 28881 | Snake:1  | Received a gift from Nemelex Xobeh
 29153 | Snake:1  | Received a gift from Nemelex Xobeh
 29652 | Snake:2  | HP: 72/151 [shock serpent/bolt of electricity (23)]
 29658 | Snake:2  | HP: 54/151 [shock serpent/bolt of electricity (9)]
 29783 | Snake:2  | HP: 61/151 [shock serpent/bolt of electricity (16)]
 29788 | Snake:2  | HP: 29/151 [shock serpent/bolt of electricity (11)]
 29788 | Snake:2  | Killed from afar by a shock serpent

Vanquished Creatures
  Agnes (Snake:1)
  Kirke (D:13)
  A tengu reaver (D:14)
  A fire giant (D:14)
  Aizul (Snake:1)
  An emperor scorpion (Lair:4)
  An ettin (D:14)
  A deep elf high priest (D:14)
  A minotaur (Lair:4)
  An ice dragon (IceCv)
  A yaktaur captain (D:14)
  Josephine (D:13)
  6 vault guards (D:14)
  3 hydras
  A catoblepas (Lair:4)
  2 naga warriors (Snake:1)
  6 centaur warriors
  4 two-headed ogres
  A satyr (D:11)
  5 death yaks
  2 orc high priests (Orc:2)
  A shock serpent (Snake:1)
  Nergalle (D:12)
  3 skeletal warriors
  4 unseen horrors
  A wolf spider zombie (D:15)
  2 orc knights (Orc:2)
  A lindwurm (Lair:6)
  2 mana vipers (Snake:1)
  A deep elf mage (D:15)
  3 orc sorcerers (Orc:2)
  4 ugly things
  2 manticores (Lair:6)
  A salamander (Orc:2)
  The ghost of Scuka the Summoner, a novice BaSu of Yredelemnul (D:4)
  A faun (Orc:2)
  3 cyclopes
  Maurice (D:12)
  10 elephants
  2 ice statues (IceCv)
  A merfolk siren (Lair:4)
  2 torpor snails (Lair:6)
  3 naga magi (Snake:1)
  9 black mambas
  A spiny frog (shapeshifter) (D:15)
  4 spiny frogs
  5 komodo dragons
  3 kobold demonologists (D:15)
  5 rime drakes
  A tengu conjurer (D:15)
  12 trolls
  A polar bear (Lair:5)
  A queen bee (Lair:5)
  3 meliai (Lair:5)
  A slime creature (D:7)
  10 hippogriffs
  4 blink frogs (Lair:6)
  2 dream sheep (Lair:6)
  A tarantella (D:12)
  A vampire (D:14)
  42 yaks
  5 wraiths (D:13)
  A shadow (D:15)
  12 wyverns
  5 hogs (D:13)
  A hungry ghost (D:13)
  A fire bat (IceCv)
  3 vampire mosquitoes (D:14)
  2 steam dragons (Orc:2)
  4 basilisks
  2 wargs (Orc:1)
  9 nagas
  4 acid dragons
  15 water moccasins
  7 porcupines
  A hell hound (D:14)
  4 sky beasts
  3 swamp drakes
  16 ice beasts
  31 orc warriors
  2 eyes of draining
  13 ogres
  2 phantoms
  2 black bears
  4 wolves
  A necrophage (D:6)
  18 centaurs
  15 crocodiles
  3 big kobolds
  22 bullfrogs
  An elf zombie (D:5)
  3 elf skeletons (D:5)
  2 wyvern zombies
  A water moccasin zombie (Ossuary)
  5 scorpions
  20 killer bees
  2 wights (D:11)
  2 howler monkeys
  4 crimson imps
  2 bullfrog zombies
  4 centaur zombies
  13 hounds
  5 jellies
  2 bullfrog skeletons
  25 orc priests
  9 centaur skeletons
  38 orc wizards
  4 human skeletons (D:5)
  15 worker ants
  4 iguanas
  A killer bee zombie (D:7)
  7 big kobold zombies (Ossuary)
  2 mummies (Ossuary)
  A gnoll (Orc:2)
  3 river rats
  20 adders
  A shadow imp (D:15)
  An ufetubus (D:9)
  2 oozes
  An adder skeleton (D:4)
  3 adder zombies
  4 worms
  3 dart slugs
  3 leopard geckos
  106 orcs
  13 giant cockroaches
  5 goblins
  5 hobgoblins
  9 jackals
  22 kobolds
  2 quokkas
  2 ball pythons
  4 bats
  5 frilled lizards
  5 gnoll zombies (Ossuary)
  4 hobgoblin zombies (Ossuary)
  4 kobold zombies (Ossuary)
  2 leopard gecko skeletons
  2 orc skeletons (D:5)
  2 orc zombies
  2 rats
  A fungus (Lair:6)
  5 plants
819 creatures vanquished.

Vanquished Creatures (collateral kills)
  Gastronok (Lair:1)
  Roxanne (Snake:1)
  An orc warlord (Orc:2)
  Nessos (Orc:2)
  2 vault guards (D:14)
  An ice dragon (IceCv)
  A catoblepas (Lair:6)
  A death knight (D:14)
  2 two-headed ogres (D:9)
  A shock serpent (Snake:2)
  An orc sorcerer (Orc:2)
  5 ugly things (D:14)
  A black mamba (Snake:1)
  An elephant (Lair:6)
  Psyche (D:8)
  A gargoyle (D:14)
  A komodo dragon (D:14)
  A merfolk (D:14)
  A blink frog (Lair:6)
  A hippogriff (D:9)
  A dream sheep (Lair:6)
  A wyvern (D:15)
  A yak (Lair:6)
  A basilisk (D:9)
  A naga (Snake:1)
  A soldier ant (D:10)
  A sky beast (D:8)
  3 wolves (Lair:1)
  4 centaurs
  2 big kobolds (D:15)
  A bullfrog (D:7)
  5 killer bees (Lair:5)
  An orc priest (D:11)
  A hound (Orc:2)
  3 orc wizards
  An iguana (Orc:2)
  A shadow imp (D:15)
  An ufetubus (D:10)
  3 orcs
  A bat (Orc:2)
  A frilled lizard (Orc:2)
  5 kobolds
  A rat (Orc:2)
67 creatures vanquished.

Vanquished Creatures (others)
  An unseen horror (D:14)
  A tengu conjurer (D:15)
  A dream sheep (Lair:6)
  A human (D:13)
  3 wights (D:11)
  A ball lightning (Orc:2)
  3 orcs (Orc:2)
  A goblin (D:3)
  5 fungi (Lair:6)
  A plant (Lair:4)
18 creatures vanquished.

Grand Total: 904 creatures vanquished
